 Dungeon Crawl Stone Soup version 0.23-a0-487-gc6253629db (webtiles) character file.

262 Hercules1031 the Cudgeler (level 5, -10/53 HPs)
             Began as a Troll Monk on Dec 1, 2018.
             Mangled by a gnoll
             ... wielding a +0 spear
              (13 damage)
             ... on level 3 of the Dungeon.
             The game lasted 00:04:51 (1828 turns).

Hercules1031 the Cudgeler (Troll Monk)              Turns: 1828, Time: 00:04:51

Health: -10/53     AC:  5    Str: 20    XL:     5   Next: 97%
Magic:  4/4        EV: 11    Int:  6    God:
Gold:   87         SH:  0    Dex: 12    Spells: 4/4 levels left

rFire    . . .     SeeInvis .   a - +0 mace
rCold    . . .     Gourm    +   (no shield)
rNeg     . . .     Faith    .   b - +0 robe
rPois    .         Spirit   .   (helmet restricted)
rElec    .         Reflect  .   (no cloak)
rCorr    .         Harm     .   (gloves unavailable)
MR       .....                  (boots unavailable)
Stlth    ++........             (no amulet)
HPRegen  0.57/turn              (no ring)
MPRegen  0.09/turn              (no ring)

@: no status effects
A: large, unfitting armour, claws 3, fast metabolism 3, gourmand, regeneration
1, shaggy fur 1, tough skin 2
a: no special abilities


You were on level 3 of the Dungeon.
You were very hungry.

You visited 1 branch of the dungeon, and saw 3 of its levels.

You collected 87 gold pieces.

Inventory:

Hand Weapons
 a - a +0 mace (weapon)
Armour
 b - a +0 robe (worn)
Jewellery
 k - an uncursed ring of magical power
Scrolls
 c - a scroll of fear {unknown}
 d - 2 scrolls of magic mapping {unknown}
 e - a scroll of fog {unknown}
 f - a scroll of teleportation {unknown}
 g - 2 scrolls of identify
 i - a scroll of enchant weapon {unknown}
 j - a scroll of remove curse {unknown}
Potions
 h - a potion of curing {unknown}
 l - a potion of haste {unknown}
 m - a potion of degeneration {unknown}
 n - a potion of mutation {unknown}


   Skills:
 + Level 3.4 Fighting
 * Level 4.7 Maces & Flails
 + Level 3.4 Dodging
 - Level 1.0 Stealth


You had 4 spell levels left.
You didn't know any spells.
Your spell library contained the following spells:

 Spells                   Type           Power        Failure   Level  Hunger
 Cause Fear               Hex            #.........   99%         4    #####..
 Silence                  Hex/Air        #.........   100%        5    ######.
 Yara's Violent Unravell  Hex/Tmut       #.........   100%        5    ######.
 Deflect Missiles         Chrm/Air       #.........   100%        6    #######
 Discord                  Hex            #.........   100%        8    #######


Dungeon Overview and Level Annotations

Branches:
Dungeon (3/15)

Altars:

Annotations:
D:3 1 runed door


Innate Abilities, Weirdness & Mutations

You are too large for most types of armour.
You have claws for hands.
Your metabolism is lightning-fast.
You like to eat raw meat.
Your natural rate of healing is unusually fast.
You are covered in fur. (AC +1)
You have very tough skin. (AC +2)


Message History

You see here a +0 whip.
You sock the gnoll!
The gnoll is heavily wounded.
The gnoll hits you but does no damage. The gnoll closely misses you.
The gnoll hits you with a +0 spear!
* * * LOW HITPOINT WARNING * * *
You barely miss the gnoll.
The gnoll is heavily wounded.
The gnoll hits you but does no damage. The gnoll barely misses you.
You hit the gnoll.
The gnoll is almost dead.
The gnoll hits you from afar with a +0 spear.
* * * LOW HITPOINT WARNING * * *
The gnoll misses you.
You hit the gnoll but do no damage.
The gnoll is almost dead.
The gnoll hits you from afar with a +0 spear.
* * * LOW HITPOINT WARNING * * *
The gnoll hits you with a +0 spear!
You die...

###
#.######################
#......@gg..............
#.######################
#.# #....... #.#
#......# #### #.#####
#..#.g<.
...#######.....#
#####..#.###
...............+
...........#
...............#
....#...g#.#
............#### .
####<#..


You could see 2 gnolls.

Vanquished Creatures
  A bullfrog (D:3)
  A howler monkey (D:2)
  Terence (D:3)
  4 adders
  2 gnolls (D:3)
  2 worms
  2 dart slugs
  2 leopard geckos
  7 bats
  5 giant cockroaches
  4 goblins
  9 hobgoblins
  8 jackals
  3 quokkas (D:2)
  4 frilled lizards
  5 kobolds
  9 rats
69 creatures vanquished.

Notes
Turn   | Place    | Note
-------+----------+-------------------------------------------
     0 | D:1      | Hercules1031 the Troll Monk began the quest for the Orb.
     0 | D:1      | Reached XP level 1. HP: 22/22 MP: 0/0
   128 | D:1      | Reached skill level 3 in Maces & Flails
   133 | D:1      | Reached XP level 2. HP: 27/29 MP: 1/1
   454 | D:1      | Reached XP level 3. HP: 36/36 MP: 2/2
  1000 | D:2      | Reached XP level 4. HP: 44/44 MP: 3/3
  1072 | D:2      | Reached skill level 4 in Maces & Flails
  1344 | D:3      | Noticed Terence
  1358 | D:3      | Killed Terence
  1358 | D:3      | Reached XP level 5. HP: 46/53 MP: 4/4
  1581 | D:3      | Found a runed door.
  1828 | D:3      | Mangled by a gnoll

Vault maps used:
D:1:      dpeg_arrival_round_a
D:2:      first_ration
D:3:      nicolae_overflow_crystal_walls, uniq_crazy_yiuf_cottage, uniq_terence

Skill      XL: |  1  2  3  4 |
---------------+-------------+-----
Maces & Flails | 3 4 |  4.7
Fighting       | 3 |  3.4
Dodging        | 3 |  3.4
Stealth        | |  1.0

Action                   |  1- 3 |  4- 6 || total
-------------------------+-------+-------++-------
Melee: Mace              |   175 |    98 ||   273
  Use: Potion            |     1 |       ||     1
       Scroll            |       |     1 ||     1
 Stab: Sleeping          |     3 |     1 ||     4
       Invisible         |     4 |       ||     4
  Eat: Ration            |     2 |     2 ||     4
Armor: Robe              |    98 |    38 ||   136
Dodge: Dodged            |   145 |   112 ||   257

Table legend:
 A = Non-vault XP
 B = Vault XP
 C = Vault XP percentage of total XP
 D = Non-vault monster count
 E = Vault monster count
 F = Vault count percentage of total count
                 A         B        C        D         E       F
            +---------+---------+-------+---------+---------+-------
      Total |     337 |      38 |  10.1 |      68 |       1 |   1.4
            +---------+---------+-------+---------+---------+-------
        D:1 |      78 |       0 |   0.0 |      33 |       0 |   0.0
        D:2 |      97 |       0 |   0.0 |      21 |       0 |   0.0
        D:3 |     162 |      38 |  19.0 |      14 |       1 |   6.7
            +---------+---------+-------+---------+---------+-------
